 Dungeon Crawl Stone Soup version 0.28.0-1-gb440e238dd (webtiles) character file.

Game seed: 7037623440697238269

177 themarg the Conjurer (level 5, -11/28 HPs)
             Began as a Tengu Conjurer on Feb 20, 2022.
             Shot with an arrow by a centaur (12 damage)
             ... on level 5 of the Dungeon.
             The game lasted 00:10:49 (3377 turns).

themarg the Conjurer (Tengu Conjurer)               Turns: 3377, Time: 00:10:50

Health: -11/28     AC:  2    Str:  7    XL:     5   Next: 57%
Magic:  16/19      EV: 15    Int: 20    God:
Gold:   151        SH:  0    Dex: 13    Spells: 6/9 levels left

rFire   . . .      SeeInvis .   i - +2 short sword (freeze)
rCold   . . .      Faith    .   (no shield)
rNeg    + . .      Spirit   .   a - +0 robe
rPois   .          Reflect  .   (helmet restricted)
rElec   .          Harm     .   (no cloak)
rCorr   .          Rampage  .   (no gloves)
Will    .....                   (boots unavailable)
Stlth   ++........              c - amulet of magic regeneration
HPRegen 0.09/turn               b - ring of positive energy
MPRegen 0.56/turn               h - ring of magical power

@: flying quickly and evasively, quick
A: beak, talons 3, nimble flight
a: no special abilities


You were on level 5 of the Dungeon.
You visited 2 branches of the dungeon, and saw 6 of its levels.

You collected 151 gold pieces.

Inventory:

Hand Weapons
 i - a +2 short sword of freezing (weapon)
Armour
 a - a +0 robe (worn)
Jewellery
 b - a ring of positive energy (left hand)
 c - an amulet of magic regeneration (around neck)
 h - a ring of magical power (right hand)
 k - a ring of protection from fire
Scrolls
 f - a scroll of immolation {unknown}
 g - 2 scrolls of identify {unknown}
 j - a scroll of vulnerability {unknown}
 l - 2 scrolls of silence {unknown}
 m - a scroll of fog {unknown}
 n - a scroll of brand weapon {unknown}
Potions
 d - a potion of brilliance {unknown}
 e - a potion of lignification {unknown}
 o - a potion of resistance {unknown}
 p - a potion of invisibility {unknown}


   Skills:
 + Level 3.0 Dodging
 + Level 3.0 Stealth
 + Level 2.7 Spellcasting
 + Level 7.3 Conjurations


You had 6 spell levels left.
You knew the following spells:

 Your Spells              Type           Power      Damage    Failure   Level
a - Magic Dart            Conj           100%       1d8       1%          1
b - Searing Ray           Conj           64%        2d6       1%          2

Your spell library contained the following spells:

 Spells                   Type           Power      Damage    Failure   Level
 Dazzling Flash           Conj/Hex       34%        N/A       10%         3
 Freeze                   Ice            8%         1d3       14%         1
 Sublimation of Blood     Necr           2%         N/A       22%         2
 Fulminant Prism          Conj/Hex       8%         3d7       32%         4
 Hailstorm                Conj/Ice       17%        3d6       32%         4
 Iskenderun's Mystic Bla  Conj/Tloc      17%        2d5       32%         4
 Frozen Ramparts          Ice            4%         1d2       41%         3
 Gell's Gravitas          Tloc           2%         N/A       41%         3
 Lesser Beckoning         Tloc           2%         N/A       41%         3
 Teleport Other           Tloc           2%         N/A       41%         3
 Irradiate                Conj/Tmut      8%         3d16      65%         5
 Petrify                  Tmut/Erth      2%         N/A       82%         4


Dungeon Overview and Level Annotations

Branches:
Dungeon (5/15)             Temple (1/1) D:5

Altars:
Ashenzari
Cheibriados
Dithmenos
Elyvilon
Fedhas
Gozag
Hepliaklqana
Kikubaaqudgha
Makhleb
Nemelex Xobeh
Okawaru
Qazlal
Ru
Sif Muna
Trog
Uskayaw
Wu Jian
Xom
Yredelemnul
Zin
The Shining One

Shops:
D:2 (


Innate Abilities, Weirdness & Mutations

You have a beak for a mouth.
You have claws for feet.
Your magical nature lets you fly swiftly and evasively.


Message History

The arrow hits you.
Casting: Magic Dart (safe; 1% risk of failure)
Confirm with . or Enter, or press ? or * to list all spells.
Aiming: Magic Dart (safe; 1% risk of failure)
Press: ? - help, Shift-Dir - straight line, f/p - centaur
Aim: a centaur, wielding a +0 shortbow and quivering arrows (moderately wounded, 100% to hit)
The magic dart hits the centaur.
The centaur is moderately wounded.
The centaur shoots an arrow.
The arrow hits you!
* * * LOW HITPOINT WARNING * * *
The centaur shoots an arrow.
The arrow closely misses you.
The centaur shoots an arrow.
The arrow closely misses you.
The centaur shoots an arrow.
The arrow closely misses you.
There is a stone staircase leading up here.
You fly upwards.
There is a stone staircase leading down here.
You start resting.
HP restored.
You fly downwards.
The centaur shoots an arrow.
The arrow misses you.
The centaur shoots an arrow.
The arrow hits you!
There is a stone staircase leading up here.
Casting: Magic Dart (safe; 1% risk of failure)
Confirm with . or Enter, or press ? or * to list all spells.
Aiming: Searing Ray (safe; 1% risk of failure)
Press: ? - help, Shift-Dir - straight line, f - centaur
Aim: a centaur, wielding a +0 shortbow and quivering arrows (88% to hit)
The searing ray hits the centaur.
The centaur is moderately wounded. (Press . to maintain the ray.)
The centaur shoots an arrow.
The arrow hits you!
Ouch! That really hurt!
* * * LOW HITPOINT WARNING * * *
The searing ray hits the centaur!
The centaur is severely wounded.
The centaur shoots an arrow.
The arrow hits you.
* * * LOW HITPOINT WARNING * * *
The searing ray misses the centaur.
You finish channelling your searing ray.
The centaur shoots an arrow.
The arrow hits you!
You die...

#.. . ####.. ..##..#..
# ........####### .#
..............# #.##
.....)..c.....###...#
........<......#@...#
........###..c....###
..................#
..###.##.........##
##...#......##
#........>##
..#........#
...#.####...#### ...
##
#......###############


You could see a centaur.

Vanquished Creatures
  A scorpion (D:4)
  Natasha (D:2)
  3 gnolls (D:3)
  An adder (D:3)
  A white imp (D:5)
  A dart slug (D:2)
  4 orcs
  4 ball pythons
  An endoplasm (D:1)
  A giant cockroach (D:3)
  4 goblins
  4 hobgoblins (D:1)
  2 jackals (D:1)
  3 kobolds
  3 quokkas
  8 bats
  2 frilled lizards
  3 rats
47 creatures vanquished.

Notes
Turn   | Place    | Note
-------+----------+-------------------------------------------
     0 | D:1      | themarg the Tengu Conjurer began the quest for the Orb.
     0 | D:1      | Reached XP level 1. HP: 10/10 MP: 4/4
   278 | D:1      | Reached XP level 2. HP: 15/15 MP: 0/6
   493 | D:1      | Learned a level 2 spell: Searing Ray
   659 | D:1      | Found a faded altar of an unknown god.
   783 | D:1      | Reached skill level 6 in Conjurations
  1219 | D:2      | Reached XP level 3. HP: 19/19 MP: 4/7
  1661 | D:2      | Found Pitwoutz's Weapon Shoppe.
  1993 | D:2      | Noticed Natasha
  1998 | D:2      | Killed Natasha
  2119 | D:3      | Reached XP level 4. HP: 24/24 MP: 8/8
  2282 | D:3      | Reached skill level 7 in Conjurations
  2831 | D:4      | Noticed a scorpion
  2834 | D:4      | Killed a scorpion
  2835 | D:4      | Gained mutation: Your magical nature lets you fly swiftly
                  | and evasively. [Tengu growth]
  2835 | D:4      | Reached XP level 5. HP: 28/28 MP: 10/10
  2909 | D:4      | You are sucked into a shaft and drop 1 floor!
  2909 | D:5      | Entered Level 5 of the Dungeon
  2909 | D:5      | Found a staircase to the Ecumenical Temple.
  2915 | Temple   | Entered the Ecumenical Temple
  3151 | D:5      | Noticed a centaur
  3376 | D:5      | HP: 1/28 [centaur/arrow (4)]
  3377 | D:5      | Shot with an arrow by a centaur

Illustrated notes

Levels and vault maps discovered:
D:1:      shiori_arrival_maze, layout_loops_cross,
          dreamdust_ecumenical_altar_hidden_monk_grotto,
          kennysheep_pointless_box
D:2:      layout_loops_corners, serial_shops, shop, uniq_natasha
D:3:      layout_basic, minmay_misc_feat_five
D:4:      layout_basic, serial_shops, nicolae_shop_behind_doors, minivault_27
D:5:      old_forge, layout_cave_pools, vehumet_statue, temple_hall,
          gammafunk_ghost_abyssal_escape, minmay_starry_boxes,
          uniq_prince_ribbit1
Temple:   nicolae_temple_the_god_donut

Skill      XL: |  1  2  3  4  5 |
---------------+----------------+-----
Conjurations   | 6 7 |  7.3
Dodging        | 3 |  3.0
Stealth        | 3 |  3.0
Spellcasting   | |  2.7

Action                   |  1- 3 |  4- 6 || total
-------------------------+-------+-------++-------
Melee: Unarmed           |    11 |       ||    11
       Kick              |     6 |       ||     6
       Dagger            |     7 |       ||     7
       Peck              |     3 |       ||     3
       Punch             |     1 |       ||     1
       Short sword       |       |     3 ||     3
 Cast: Magic Dart        |    50 |    24 ||    74
       Searing Ray       |     3 |     7 ||    10
Armor: Robe              |     1 |     2 ||     3
Dodge: Dodged            |    16 |     9 ||    25
